 Dungeon Crawl Stone Soup version 0.21.0-24-g2553a33 (webtiles) character file.

65 Plasmagod the Ruffian (level 3, -3/28 HPs)
             Began as a Draconian Transmuter on Jan 21, 2018.
             Slain by an ogre
             ... wielding a +0 giant club
              (18 damage)
             ... on level 3 of the Dungeon.
             The game lasted 00:06:24 (1875 turns).

Plasmagod the Ruffian (Draconian Transmuter)        Turns: 1875, Time: 00:06:25

Health: -3/28      AC:  5    Str: 12    XL:     3   Next: 92%
Magic:  15/15      EV: 12    Int: 14    God:
Gold:   114        SH:  0    Dex: 11    Spells: 5/6 levels left

rFire    . . .     SeeInvis .     - Unarmed
rCold    . . .     Gourm    .   (no shield)
rNeg     . . .     Faith    .   (armour unavailable)
rPois    .         Spirit   .   (helmet restricted)
rElec    .         Reflect  .   (no cloak)
rCorr    .         Harm     .   (no gloves)
MR       .....                  (no boots)
Stlth    +.........             (no amulet)
HPRegen  0.09/turn              j - ring of wizardry
MPRegen  0.14/turn              c - ring of magical power

@: no status effects
A: unfitting armour, cold-blooded, AC +5
a: no special abilities


You were on level 3 of the Dungeon.
You were not hungry.

You visited 1 branch of the dungeon, and saw 3 of its levels.

You collected 114 gold pieces.

Inventory:

Missiles
 a - 29 arrows
Jewellery
 c - a ring of magical power (right hand)
 f - an uncursed ring of positive energy
 j - a ring of wizardry (left hand)
Scrolls
 g - a scroll of amnesia
 i - a scroll of teleportation {unknown}
 l - a scroll of blinking {unknown}
 m - 2 scrolls of identify
Potions
 d - a potion of curing {unknown}
 e - a potion of heal wounds
 k - a potion of degeneration {unknown}
 p - a potion of magic {unknown}
Books
 b - a book of Changes

   Spells                             Type                      Level
   a - Beastly Appendage              Transmutation                1
   b - Sticks to Snakes               Transmutation                2
   c - Spider Form                    Transmutation/Poison         3
   d - Ice Form                       Ice/Transmutation            4
   e - Blade Hands                    Transmutation                5
Comestibles
 n - 2 rations


   Skills:
 - Level 1.1 Fighting
 - Level 1.8 Dodging
 + Level 4.3 Unarmed Combat
 - Level 2.4 Spellcasting
 - Level 2.4 Transmutations


You had 5 spell levels left.
You knew the following spells:

 Your Spells              Type           Power        Failure   Level  Hunger
a - Beastly Appendage     Tmut           #.....       3%          1    #......


Dungeon Overview and Level Annotations

Branches:
Dungeon (3/15)

Altars:
Ashenzari


Innate Abilities, Weirdness & Mutations

Your plain brown scales are hard. (AC +5)
You cannot fit into any form of body armour.
You are cold-blooded and may be slowed by cold attacks.


Message History

You punch the ogre.
The ogre is heavily wounded.
The ogre completely misses you.
You barely miss the ogre. You tail-slap the ogre.
The ogre is heavily wounded.
The ogre closely misses you.
You hit the ogre.
The ogre is severely wounded.
You barely miss the ogre.
The ogre is severely wounded.
The ogre barely misses you.
You barely miss the ogre. Your punch misses the ogre.
The ogre is severely wounded.
The ogre hits you with a giant club!
Ouch! That really hurt!
Your transformation is almost over.
Your horns disappear.
The ogre hits you with a giant club!!
Ouch! That really hurt!
You die...

###.......#####
#...........#
#......####.#
#.<....# #.#
######## #.#
###.# #...#
#.########
#.#[..@O.#
#.#.####.#
#.#.# #.# #.#.#
#.# ##### #.#.#
#.# #####...#
#...# #.###
........# #####
#...# ...##...#
###.# #.###...#
####### #.#


You could see an ogre.

Vanquished Creatures
  2 adders (D:2)
  An ooze (D:3)
  A worm (D:2)
  2 dart slugs (D:1)
  3 leopard geckos (D:1)
  2 giant cockroaches (D:1)
  4 goblins
  4 hobgoblins
  2 jackals (D:1)
  4 bats
  4 frilled lizards
  3 kobolds
  3 rats (D:1)
35 creatures vanquished.

Notes
Turn   | Place    | Note
-------+----------+-------------------------------------------
     0 | D:1      | Plasmagod the Draconian Transmuter began the quest for the Orb.
     0 | D:1      | Reached XP level 1. HP: 16/16 MP: 3/3
   138 | D:1      | Reached XP level 2. HP: 12/23 MP: 3/5
   415 | D:1      | Reached XP level 3. HP: 26/28 MP: 6/6
   919 | D:2      | Found a shattered altar of Ashenzari.
   950 | D:2      | Reached skill level 4 in Unarmed Combat
  1649 | D:3      | Learned a level 1 spell: Beastly Appendage
  1824 | D:3      | Noticed an ogre
  1875 | D:3      | Slain by an ogre

Skill      XL: |  1  2  3 |
---------------+----------+-----
Unarmed Combat | 4 |  4.3
Fighting       | |  1.1
Dodging        | |  1.8
Spellcasting   | |  2.4
Transmutations | |  2.4

Action                   || total
-------------------------++-------
Melee: Unarmed           ||   122
       Kick              ||     6
       Tailslap          ||    12
       Headbutt          ||     4
       Punch             ||     3
 Cast: Beastly Appendage ||    25
  Use: Scroll            ||     3
       Potion            ||     1
  Eat: Ration            ||     1
Armor: Skin              ||    33
Dodge: Dodged            ||    62
